 Dungeon Crawl Stone Soup version 0.31-a0-45-g5f0c076935 (webtiles) character file.

Game seed: 663827730414599006

67260 TittyCrusher the Devastator (level 15, 80/80 HPs)
             Began as a Tengu Air Elementalist on Mar 21, 2023.
             Was a High Priest of Vehumet.
             Quit the game on level 14 of the Dungeon on May 22, 2023.
             The game lasted 01:40:40 (22683 turns).

TittyCrusher the Devastator (TeAE)                 Turns: 22683, Time: 01:40:40

Health: 80/80      AC: 13    Str: 10    XL:     15   Next: 22%
Magic:  14/41      EV: 25    Int: 20    God:    Vehumet [*****.]
Gold:   545        SH:  0    Dex: 16    Spells: 8/38 levels left

rFire   + . .        b - staff of fire
rCold   . . .        (no shield)
rNeg    . . .        K - +2 steam dragon scales
rPois   +            (helmet restricted)
rElec   .            N - +2 cloak
rCorr   .            O - +1 pair of gloves
SInv    .            (boots unavailable)
Will    +....        H - amulet of magic regeneration
Stlth   ++           o - +5 ring of evasion
HPRegen 0.33/turn    z - ring of magical power
MPRegen 0.67/turn

%: no passive effects
@: flying quickly and evasively, quick
A: beak, talons 3, nimble flight, poison resistance
a: Renounce Religion


You were on level 14 of the Dungeon.
You worshipped Vehumet.
Vehumet was extremely pleased with you.
You visited 3 branches of the dungeon, and saw 21 of its levels.
You also visited: Sewer and Volcano.

You collected 1427 gold pieces.
You spent 882 gold pieces at shops.

Inventory:

Hand Weapons
 J - the +9 rapier of Departure {venom, rN+ rCorr Stlth+}
   (You found it on level 6 of the Dungeon)

   rN:        It protects you from negative energy.
   rCorr:     It protects you from acid and corrosion.
   Stlth:     It makes you more stealthy.
Missiles
 c - 191 stones (quivered)
 k - 8 throwing nets
Armour
 l - the +2 shield of Resistance {rF++ rC++ Will++}
   (You found it on level 5 of the Lair of Beasts)

   rF:        It greatly protects you from fire.
   rC:        It greatly protects you from cold.
   Will:      It greatly increases your willpower.
 r - a +2 robe of willpower
 E - the +4 skin of Zhor {*Englaciate rC+++ SInv}
   (You found it on level 8 of the Dungeon)

   *Englaciate: It radiates cold, occasionally slowing all nearby creatures who
   are not resistant to cold.
   rC:        It renders you almost immune to cold.
   SInv:      It lets you see invisible.
 K - +2 steam dragon scales (worn)
 N - a +2 cloak (worn)
 O - a +1 pair of gloves (worn)
Magical Staves
 a - a staff of air
 b - a staff of fire (weapon)
 h - the staff of poison "Ketwiq" {rPois Str+4 SInv}
   (You found it on level 3 of the Dungeon)

   [staff of poison]

   Base accuracy: +5 Base damage: 5 Base attack delay: 1.2 This weapon's minimum
   attack delay (0.6) is reached at skill level 12.
   Str:       It affects your strength (+4).
   rPois:     It protects you from poison.
   SInv:      It lets you see invisible.
   It falls into the 'Staves' category.
   It is a one-handed weapon.
 s - a staff of death
Jewellery
 e - a ring of protection from fire
 j - an amulet of regeneration
 m - a ring of wizardry
 o - a +5 ring of evasion (left hand)
 x - a ring of protection from cold
 z - a ring of magical power (right hand)
 C - a ring of protection from fire
 H - an amulet of magic regeneration (around neck)
 Q - an amulet of the acrobat
 T - a ring of protection from cold
 U - a ring of positive energy
Wands
 L - a wand of light (7)
 S - a wand of charming (18)
 X - a wand of roots (10)
Scrolls
 d - 4 scrolls of teleportation
 g - 9 scrolls of immolation
 i - 4 scrolls of fog
 n - 3 scrolls of magic mapping
 p - a scroll of fear
 q - 2 scrolls of torment
 v - 3 scrolls of poison
 y - 3 scrolls of summoning
 F - 2 scrolls of identify
 W - a scroll of acquirement
 Y - 4 scrolls of blinking
 Z - a scroll of vulnerability
Potions
 f - a potion of mutation
 t - 5 potions of might
 u - 2 potions of magic
 w - 3 potions of invisibility
 B - 8 potions of curing
 D - a potion of heal wounds
 G - a potion of cancellation
 I - a potion of brilliance
 M - 3 potions of lignification
 P - a potion of haste
 V - a potion of resistance
Miscellaneous
 A - a condenser vane
 R - a phial of floods


   Skills:
 - Level 4.3 Fighting
 - Level 0.1 Throwing
 - Level 6.1 Armour
 - Level 9.1 Dodging
 - Level 2.0 Stealth
 - Level 12.0 Spellcasting
 + Level 17.2 Conjurations
 + Level 15.0 Fire Magic
 - Level 8.3 Air Magic
 - Level 2.7 Poison Magic
 - Level 5.5 Evocations


You had 8 spell levels left.
You knew the following spells:

 Your Spells              Type           Power      Damage    Failure   Level
a - Shock                 Conj/Air       100%       1d9       1%          1
b - Static Discharge      Conj/Air       100%       2-7/arc   1%          2
c - Mephitic Cloud        Conj/Pois/Air  49%        N/A       1%          3
d - Airstrike             Air            22%        2d(4-20)  1%          4
e - Olgreb's Toxic Radia  Pois           22%        N/A       5%          4
f - Ensorcelled Hibernat  Hex/Ice        24%        N/A       9%          2
g - Stone Arrow           Conj/Erth      92%        3d12      1%          3
h - Fireball              Conj/Fire      43%        3d17      1%          5
i - Conjure Ball Lightni  Conj/Air       29%        3x3d8     1%          6

Your spell library contained the following spells:

 Spells                   Type           Power      Damage    Failure   Level
 Cigotuvi's Dreadful Rot  Necr/Pois/Air  52%        N/A       1%          2
 Poisonous Vapours        Pois/Air       68%        N/A       1%          2
 Dazzling Flash           Conj/Hex       92%        N/A       1%          3
 Inner Flame              Hex/Fire       58%        N/A       1%          3
 Swiftness                Air            45%        N/A       1%          3
 Flame Wave               Conj/Fire      86%        2d18      1%          4
 Iskenderun's Mystic Bla  Conj/Tloc      46%        2d10      1%          4
 Sticky Flame             Conj/Fire      86%        2d10      1%          4
 Irradiate                Conj/Tmut      23%        3d19      1%          5
 Starburst                Conj/Fire      43%        6d12      1%          6
 Orb of Destruction       Conj           34%        9d10      1%          7
 Beastly Appendage        Tmut           24%        N/A       5%          1
 Sublimation of Blood     Necr           12%        N/A       9%          2
 Wereblood                Tmut           12%        N/A       9%          2
 Spider Form              Tmut/Pois      17%        N/A       10%         3
 Summon Guardian Golem    Hex/Summ       12%        N/A       17%         3
 Tukima's Dance           Hex            12%        N/A       17%         3
 Spellforged Servitor     Conj/Summ      23%        N/A       32%         7
 Anguish                  Hex/Necr       6%         N/A       50%         4
 Petrify                  Tmut/Erth      12%        N/A       50%         4
 Agony                    Necr           12%        N/A       83%         5
 Borgnjor's Vile Clutch   Necr/Erth      6%         N/A       83%         5
 Discord                  Hex            6%         N/A       100%        8
 Disjunction              Tloc           6%         N/A       100%        8


Dungeon Overview and Level Annotations

Branches:
Dungeon (15/15)            Temple (1/1) D:4            Lair (5/5) D:11
 Shoals (0/4) Lair:3        Snake (0/4) Lair:3        Slime (0/5) Lair:5
    Orc (0/2) D:10         Vaults (0/5) D:14          Sewer (visited)
Volcano (visited)
 Depths: D:15

Altars:
Ashenzari
Cheibriados
Dithmenos
Elyvilon
Fedhas
Gozag
Hepliaklqana
Kikubaaqudgha
Nemelex Xobeh
Qazlal
Ru
Uskayaw
Vehumet
Wu Jian
Xom
Zin
The Shining One
Jiyva

Shops:
D:7 =

Annotations:
D:5 Edmund, Pikel
D:7 exclusion: oklob plant
D:8 exclusion: door
D:14 3 runed translucent doors, exclusion: downstairs, SirDiesAlot's ghost, journeyman DsAE
Lair:1 exclusion: downstairs
Lair:2 3 runed translucent doors, Nabski's ghost, novice TeFE


Innate Abilities, Weirdness & Mutations

You have a beak for a mouth.
You have claws for feet.
Your magical nature lets you fly swiftly and evasively.
Your system is resistant to poisons. (rPois)


Message History

Aiming: Fireball (safe; 1% risk of failure)
Press: ? - help, Shift-Dir - straight line, f - vampire mosquito
Aim: a vampire mosquito You feel a surge of power!
The fireball explodes!
The fireball engulfs the vampire mosquito!!!
You destroy the vampire mosquito!
Vehumet accepts your kill.
You feel your power returning.
The fireball engulfs the vampire mosquito!!
You destroy the vampire mosquito!
Vehumet accepts your kill.
You feel your power returning.
A two-headed ogre comes into view.
It is wielding a +0 giant club and a +0 giant spiked club.
Your Fire Magic skill increases to level 15!
You fly upwards.
Level annotation: 3 runed translucent doors, SirDiesAlot's ghost, journeyman DsAE
There is a stone staircase leading down here.
Press: ? - help, v - describe, . - travel A stone staircase leading down.
Placed new exclusion.
Reduced exclusion size to a single square.
Unknown command.
Unknown command.
Saving game... please wait.
Level annotation: 3 runed translucent doors, exclusion: downstairs, SirDiesAlot's ghost, journeyman DsAE Welcome back, TittyCrusher the Tengu Air Elementalist.
Vehumet says: Let it end in hellfire!
Press ? for a list of commands and other information.
There is a stone staircase leading down here.
Saving game... please wait.
Level annotation: 3 runed translucent doors, exclusion: downstairs, SirDiesAlot's ghost, journeyman DsAE Welcome back, TittyCrusher the Tengu Air Elementalist.
Vehumet says: Let it end in hellfire!
Press ? for a list of commands and other information.
Saving game... please wait.
Level annotation: 3 runed translucent doors, exclusion: downstairs, SirDiesAlot's ghost, journeyman DsAE Welcome back, TittyCrusher the Tengu Air Elementalist.
Vehumet says: Let it end in hellfire!
Press ? for a list of commands and other information.
Are you sure you want to abandon this character and quit the game? (Confirm with "yes".)

#..##.# #.#.##.####..'..........
#.########.#.##......##..........
#.#≈# #....#.############..#####.
#.#J# ######'## #≈#..#≈≈≈#. #.#J#
##...## #≈#..#≈≈≈#. #.#≈#
####.....## #≈#..#≈≈≈#. ..#≈#
#.........## ###..#####. ###≈#
##.........######.......... ≈≈≈≈#
#'........@'....'..........
##....>....######....#####. ≈
########.## #....#≈≈≈#. ######
#.# ###'####### .....# #^#
##.#.####### ####.# #.#
#.......#.## #.# ### #.......#.##
#.# ##.....##.# #.# #####
#....#.#.##


There were no monsters in sight!

Vanquished Creatures
  Jorgrun (D:14)
  Snorg (D:13)
  7 hydras
  A merfolk avatar (Lair:5)
  2 centaur warriors
  5 death yaks (Lair:4)
  A two-headed ogre (D:12)
  A boulder beetle (D:14)
  2 tengu warriors (D:15)
  3 skysharks
  A sea snake (Lair:5)
  A harpy (Lair:5)
  A wizard (D:14)
  A deep elf zephyrmancer (D:14)
  A necromancer (D:14)
  An oklob plant (Lair:5)
  A manticore (Lair:5)
  3 deep elf pyromancers
  10 ugly things
  2 cyclopes
  20 elephants
  2 black mambas
  A merfolk siren (Lair:3)
  5 cane toads
  A gargoyle (D:12)
  Maggie (D:7)
  4 rime drakes (D:8)
  A kobold demonologist (D:12)
  A freezing wraith (D:14)
  7 komodo dragons
  3 polar bears
  A wind drake (Lair:5)
  7 trolls
  3 merfolk (Lair:3)
  23 blink frogs
  2 hornets
  4 slime creatures (D:12)
  2 snapping turtles (Lair:5)
  A shadow (D:12)
  A water elemental (D:11)
  A wraith (D:10)
  66 yaks
  A vampire (D:11)
  4 basilisks
  9 wyverns
  11 vampire mosquitoes
  A naga (Lair:3)
  2 hell hounds (Lair:1)
  17 water moccasins
  Duvessa (D:5)
  4 black bears
  2 ice beasts (D:7)
  5 orc warriors (D:10)
  An ogre (D:5)
  An ogre (shapeshifter) (D:13)
  14 wolves
  3 boggarts (D:14)
  A phantom (D:6)
  3 centaurs
  A lemure (D:5)
  Blork the orc (D:6)
  5 kobold brigands
  9 bullfrogs
  2 gnoll sergeants (D:7)
  5 scorpions
  Dowan (D:5)
  3 wights (D:7)
  5 killer bees (D:10)
  7 howler monkeys
  5 electric eels
  7 hounds
  6 jellies
  10 orc priests
  3 gnoll boudas
  A sleepcap (D:4)
  Jessica (D:2)
  3 iguanas
  9 orc wizards
  Robin (D:4)
  24 gnolls
  7 adders
  2 shadow imps
  5 worms
  A dart slug (D:4)
  40 orcs
  7 endoplasms
  A giant cockroach (D:2)
  11 goblins
  8 hobgoblins
  7 jackals
  3 quokkas
  8 ball pythons
  A bat (D:1)
  2 frilled lizards
  23 kobolds
  7 rats
525 creatures vanquished.

Notes
Turn   | Place    | Note
-------+----------+-------------------------------------------
     0 | D:1      | TittyCrusher the Tengu Air Elementalist began the quest for
                  | the Orb.
     0 | D:1      | Reached XP level 1. HP: 10/10 MP: 4/4
   347 | D:1      | Reached XP level 2. HP: 15/15 MP: 1/6
   801 | D:2      | Noticed Jessica
   803 | D:2      | Killed Jessica
   804 | D:2      | Reached XP level 3. HP: 17/19 MP: 5/9
  1024 | D:2      | Reached XP level 4. HP: 24/24 MP: 7/11
  1171 | D:2      | Learned a level 2 spell: Static Discharge
  1175 | D:2      | Learned a level 3 spell: Mephitic Cloud
  1565 | D:2      | Reached skill level 2 in Conjurations
  1871 | D:3      | Found a stormy altar of Qazlal.
  1957 | D:3      | Reached skill level 3 in Conjurations
  2141 | D:3      | Identified the staff of poison "Ketwiq" {rPois Str+4 SInv}
  2406 | D:4      | Noticed a scorpion
  2409 | D:4      | Killed a scorpion
  2410 | D:4      | Reached skill level 4 in Conjurations
  2410 | D:4      | Gained mutation: Your magical nature lets you fly swiftly
                  | and evasively. [Tengu growth]
  2410 | D:4      | Reached XP level 5. HP: 15/28 MP: 5/12
  2449 | D:4      | Found a staircase to the Ecumenical Temple.
  2456 | Temple   | Entered the Ecumenical Temple
  2466 | Temple   | Became a worshipper of Vehumet
  2491 | D:4      | Reached skill level 5 in Conjurations
  2887 | D:4      | Noticed Robin
  2896 | D:4      | Killed Robin
  2897 | D:4      | Reached XP level 6. HP: 24/32 MP: 5/13
  3114 | D:4      | Reached * piety under Vehumet
  3114 | D:4      | Offered knowledge of Kiss of Death by Vehumet.
  3130 | D:4      | Learned a level 4 spell: Airstrike
  3197 | D:4      | Found Zin's Purification Station.
  3200 | D:4      | Found a glowing silver altar of Zin.
  3204 | D:4      | Bought a potion of curing for 90 gold pieces
  3550 | D:4      | Noticed a black bear
  3558 | D:4      | Killed a black bear
  3559 | D:4      | Reached skill level 5 in Air Magic
  3669 | D:5      | Entered Level 5 of the Dungeon
  3754 | D:5      | Noticed Edmund
  3754 | D:5      | Noticed Pikel
  3806 | D:5      | Found a glowing drain.
  3815 | Sewer    | Entered a sewer
  3927 | Sewer    | Reached XP level 7. HP: 36/36 MP: 5/14
  4035 | Sewer    | Found a white marble altar of Elyvilon.
  4147 | D:5      | Noticed Duvessa
  4147 | D:5      | Noticed Dowan
  4330 | D:5      | Killed Dowan
  4331 | D:5      | Killed Duvessa
  4332 | D:5      | Reached XP level 8. HP: 24/41 MP: 3/15
  4426 | D:5      | Offered knowledge of Freeze by Vehumet.
  4575 | D:5      | Reached skill level 5 in Dodging
  4906 | D:5      | Reached ** piety under Vehumet
  5043 | D:5      | Reached skill level 5 in Spellcasting
  5239 | D:6      | Noticed Blork the orc
  5244 | D:6      | Killed Blork the orc
  5259 | D:6      | Got the Thoughts on Doom and the Bonfire
  5341 | D:6      | Found a broken altar of Ashenzari.
  5410 | D:6      | Identified the +9 rapier of Departure {venom, rN+ rCorr
                  | Stlth+}
  5694 | D:6      | Found a shadowy altar of Dithmenos.
  5736 | D:6      | Found a glowing golden altar of the Shining One.
  5978 | D:6      | Found an ancient bone altar of Kikubaaqudgha.
  6104 | D:6      | Found an opulent altar of Gozag.
  6105 | D:6      | Found a white marble altar of Elyvilon.
  6110 | D:6      | Reached XP level 9. HP: 45/45 MP: 15/19
  6333 | D:7      | Noticed Maggie
  6340 | D:7      | Killed Maggie
  6480 | D:7      | Reached skill level 6 in Conjurations
  6569 | D:7      | Reached skill level 7 in Conjurations
  6578 | D:7      | Offered knowledge of Ignite Poison by Vehumet.
  6811 | D:7      | Reached skill level 1 in Fighting
  6850 | D:7      | Reached *** piety under Vehumet
  7158 | D:7      | Offered knowledge of Olgreb's Toxic Radiance by Vehumet.
  7310 | D:7      | Learned a level 4 spell: Olgreb's Toxic Radiance
  7354 | D:7      | Reached skill level 1 in Poison Magic
  7599 | D:7      | Found Mexzuudd's Jewellery Shoppe.
  7692 | D:7      | Reached **** piety under Vehumet
  7729 | D:7      | Found a blossoming altar of Fedhas.
  7743 | D:7      | Noticed an oklob plant
  7998 | D:8      | Found the +4 skin of Zhor {*Englaciate rC+++ SInv}
  8002 | D:8      | Noticed a rime drake
  8002 | D:8      | Noticed a rime drake
  8005 | D:8      | Noticed a rime drake
  8015 | D:8      | Noticed a rime drake
  8224 | D:8      | Found a hazy altar of Hepliaklqana.
  8441 | D:8      | Reached XP level 10. HP: 57/57 MP: 14/23
  8444 | D:8      | Learned a level 2 spell: Ensorcelled Hibernation
  8472 | D:8      | Found a snail-covered altar of Cheibriados.
  8527 | D:8      | You are sucked into a shaft and drop 1 floor!
  8527 | D:9      | Found a sacrificial altar of Ru.
  8527 | D:9      | Found a shimmering altar of Xom.
  8527 | D:9      | Found a sparkling altar of Nemelex Xobeh.
  8527 | D:9      | Found a shadowy altar of Dithmenos.
  8527 | D:9      | Found a glowing golden altar of the Shining One.
  8527 | D:9      | Found a sparkling altar of Nemelex Xobeh.
  8714 | D:9      | Offered knowledge of Stone Arrow by Vehumet.
  8732 | D:9      | Learned a level 3 spell: Stone Arrow
  8762 | D:9      | Reached skill level 8 in Conjurations
  9137 | D:9      | Reached skill level 9 in Conjurations
  9171 | D:9      | Found a hide-covered altar of Uskayaw.
  9307 | D:9      | Found an ornate altar of the Wu Jian Council.
  9353 | D:10     | Entered Level 10 of the Dungeon
  9860 | D:10     | Reached ***** piety under Vehumet
  9862 | D:10     | Offered knowledge of Fireball by Vehumet.
  9869 | D:10     | Learned a level 5 spell: Fireball
  9947 | D:10     | Reached skill level 1 in Fire Magic
 10053 | D:10     | Reached skill level 5 in Fire Magic
 10240 | D:10     | Reached XP level 11. HP: 61/61 MP: 16/24
 10594 | D:10     | Found a staircase to the Orcish Mines.
 10852 | D:11     | Reached skill level 10 in Conjurations
 11131 | D:11     | Found a staircase to the Lair.
 11139 | D:11     | Reached skill level 11 in Conjurations
 11774 | Lair:1   | Entered Level 1 of the Lair of Beasts
 11901 | Lair:1   | Found a dark tunnel.
 11967 | Volcano  | Entered a volcano
 12111 | Lair:1   | Reached skill level 10 in Spellcasting
 12195 | Lair:1   | Gained mutation: Your muscles are strong. (Str +4, Int/Dex
                  | -1) [potion of mutation]
 12195 | Lair:1   | Gained mutation: Your body sometimes deteriorates upon
                  | taking damage. [potion of mutation]
 12196 | Lair:1   | Lost mutation: Your body sometimes deteriorates upon taking
                  | damage. [potion of mutation]
 12196 | Lair:1   | Lost mutation: Your muscles are strong. (Str +4, Int/Dex
                  | -1) [potion of mutation]
 12196 | Lair:1   | Gained mutation: Your system is resistant to poisons.
                  | (rPois) [potion of mutation]
 12346 | D:7      | Bought a +5 ring of evasion for 432 gold pieces
 12509 | Lair:1   | Offered knowledge of Yara's Violent Unravelling by Vehumet.
 13049 | Lair:1   | Reached XP level 12. HP: 50/66 MP: 15/27
 13325 | Lair:2   | Reached skill level 1 in Armour
 13637 | Lair:2   | Noticed a skyshark
 13814 | Lair:2   | Killed a skyshark
 13815 | Lair:2   | Reached skill level 5 in Armour
 13943 | Lair:2   | You are sucked into a shaft and drop 1 floor!
 14251 | Lair:3   | Reached skill level 1 in Evocations
 14850 | D:8      | Reached skill level 5 in Evocations
 15293 | D:7      | Bought an amulet of magic regeneration for 360 gold pieces
 15677 | Lair:2   | Found a runed translucent gate.
 15677 | Lair:2   | Found a runed translucent gate.
 15677 | Lair:2   | Found a runed translucent gate.
 15681 | Lair:2   | Noticed Nabski's ghost (novice TeFE)
 16101 | Lair:3   | Found a staircase to the Snake Pit.
 16632 | Lair:3   | Reached XP level 13. HP: 60/70 MP: 20/29
 16717 | Lair:3   | Found a staircase to the Shoals.
 16975 | Lair:4   | Reached skill level 12 in Conjurations
 17165 | Lair:4   | Reached skill level 13 in Conjurations
 17306 | Lair:4   | Reached skill level 14 in Conjurations
 17374 | Lair:4   | Identified a scroll of acquirement
 17608 | Lair:4   | Reached skill level 15 in Conjurations
 17888 | Lair:5   | Entered Level 5 of the Lair of Beasts
 17913 | Lair:5   | Reached skill level 16 in Conjurations
 18137 | Lair:5   | Reached XP level 14. HP: 76/76 MP: 24/31
 18589 | Lair:5   | Found a staircase to the Slime Pits.
 18644 | Lair:5   | Reached skill level 10 in Fire Magic
 18747 | Lair:5   | Found the +2 shield of Resistance {rF++ rC++ Will++}
 18757 | Lair:5   | Identified the +3 quarterstaff of Experimentation {flame,
                  | rPois Stlth+}
 19550 | D:12     | Learned a level 6 spell: Conjure Ball Lightning
 19685 | D:12     | Offered knowledge of Orb of Destruction by Vehumet.
 20563 | D:13     | Noticed Snorg
 20569 | D:13     | Killed Snorg
 21468 | D:14     | Reached XP level 15. HP: 80/80 MP: 14/32
 21620 | D:14     | Found a gate to the Vaults.
 21850 | D:14     | Noticed Jorgrun
 21861 | D:14     | Killed Jorgrun
 21889 | D:14     | Found a runed translucent gate.
 21889 | D:14     | Found a runed translucent gate.
 21890 | D:14     | Found a runed translucent gate.
 21890 | D:14     | Noticed SirDiesAlot's ghost (journeyman DsAE)
 21891 | D:14     | Noticed an acid blob
 22113 | D:14     | Got the Handbook of the Secret Interlopers
 22214 | D:14     | Reached skill level 17 in Conjurations
 22628 | D:14     | Found a viscous altar of Jiyva.
 22664 | D:15     | Entered Level 15 of the Dungeon
 22674 | D:15     | Reached skill level 15 in Fire Magic
 22677 | D:14     | Upgraded the game from 0.30-a0-920-g7493c07aab to
                  | 0.30-a0-989-g0d87f670db
 22683 | D:14     | Upgraded the game from 0.30-a0-989-g0d87f670db to
                  | 0.31-a0-45-g5f0c076935
 22683 | D:14     | Quit the game

Illustrated notes

Levels and vault maps discovered:
D:1:      wander_arrival_chamber, layout_rooms
D:2:      layout_basic, minmay_box_of_dots, uniq_jessica
D:3:      layout_basic, lemuel_tele_altar
D:4:      layout_loops_ring, zin_purify, minmay_temple_entry_hall,
          amcnicky_mini_rare_corridor_liquid, minmay_diced_spiral, uniq_robin
D:5:      layout_rooms, cheibrodos_sewer_entry_bend, kennysheep_generic_room_10,
          uniq_edmund, uniq_duvessa, uniq_pikel
D:6:      layout_basic, mainiacjoe_overflow_alcove_1,
          nicolae_overflow_crystal_walls, tso_oasis_becter,
          nicolae_kikubaaqudgha_miasma_corner, grunt_temple_overflow_open,
          uniq_blork_the_orc
D:7:      layout_cave_pools, tgw_fedhas, serial_gnoll_camp,
          gnoll_camp_mini_doghouse, gnoll_camp_mini_sergeant,
          gnoll_camp_mini_shop, gnoll_camp_medium_02, uniq_maggie
D:8:      layout_basic, mainiacjoe_overflow_brackets,
          mainiacjoe_overflow_tiny_flanked, grunt_decor_cap,
          hellmonk_guarded_unrand_zhor
D:9:      layout_basic, mainiacjoe_overflow_paths, doesnt_xom_only_xom,
          lemuel_doored_altar
D:10:     layout_roguey, david_orc_5, nicolae_water_bricks
D:11:     layout_roguey, erik_lair_island
D:12:     layout_roguey
D:13:     layout_cave_pools, lemuel_flame_loot_1, uniq_snorg
D:14:     layout_loops_corners, david_vaults_1, gammafunk_ghost_ooze,
          serial_aquarium, aquarium_bridge_square [aquarium_subvault_window,
          aquarium_subvault_window, aquarium_subvault_wall,
          aquarium_subvault_bridge], aquarium_bridge_square
          [aquarium_subvault_bridge, aquarium_subvault_wall,
          aquarium_subvault_window, aquarium_subvault_bridge],
          aquarium_window_fake, aquarium_window_1, aquarium_view_2f,
          aquarium_view_2c, aquarium_balcony_3b, aquarium_pool_five,
          bh_walls_and_bars, uniq_jorgrun
D:15:     grunt_enter_depths_snipers, layout_cave_pods, serial_shops, shop,
          nicolae_shop_bloodbath_and_beyond, shop, shop,
          chequers_serial_rivers_micro_a, argonaut_gorgonesque
Temple:   nicolae_temple_godpark
Lair:1:   layout_long_grid, enter_volcano_3, grunt_megastairs_1
Lair:2:   layout_chaotic_city, ebering_ghost_rock_garden
Lair:3:   layout_regular_city, elwin_shoals_entry_rooms,
          guppyfry_snake_entry_island, serial_bayou_shore_a
Lair:4:   layout_big_grid, chequers_serial_rivers_micro_c, st_stairs_5,
          serial_bayou_pond_e, grunt_megastairs_2, serial_bayou_shore_b
Lair:5:   gammafunk_lair_ancient_temple, layout_cave_shapes, slime_entry_1,
          lemuel_fruit_tree

Skill      XL: |  1  2  3  4  5  6  7  8  9 10 11 12 13 14 15 |
---------------+----------------------------------------------+-----
Spellcasting   | 3 4 6 8 10 11 12 | 12.0
Conjurations   | 4 5 7 9 11 16 17 | 17.2
Air Magic      | 6 8 |  8.3
Dodging        | 4 6 7 9 |  9.1
Fighting       | 4 |  4.3
Poison Magic   | 2 |  2.7
Fire Magic     | 5 6 7 14 15 | 15.0
Armour         | 6 |  6.1
Evocations     | 5 |  5.5
Throwing       | |  0.1
Stealth        | |  2.0

Action                     |  1- 3 |  4- 6 |  7- 9 | 10-12 | 13-15 || total
---------------------------+-------+-------+-------+-------+-------++-------
  Melee: Dagger            |       |     5 |       |       |       ||     5
         Kick              |       |     7 |    31 |    37 |     3 ||    78
         Staff             |       |    12 |    73 |    87 |     7 ||   179
         Peck              |       |     1 |    21 |    24 |     1 ||    47
         Punch             |       |       |     2 |     5 |       ||     7
  Throw: Stone             |     7 |     2 |       |     1 |       ||    10
   Cast: Shock             |    39 |   119 |    98 |    43 |     1 ||   300
         Static Discharge  |       |    14 |    27 |     3 |       ||    44
         Airstrike         |       |     1 |    47 |   103 |    42 ||   193
         Olgreb's Toxic Ra |       |       |     5 |    37 |    23 ||    65
         Mephitic Cloud    |       |       |     5 |     1 |     6 ||    12
         Stone Arrow       |       |       |       |    26 |     1 ||    27
         Fireball          |       |       |       |    63 |   233 ||   296
  Evoke: Wand              |       |       |       |     6 |     1 ||     7
         Condenser vane    |       |       |       |       |     1 ||     1
    Use: Scroll            |     5 |     3 |    12 |    12 |     4 ||    36
         Potion            |       |     1 |     1 |     2 |     1 ||     5
   Stab: Confused          |       |       |     2 |       |       ||     2
 Armour: Robe              |     1 |     4 |    21 |    22 |       ||    48
         Steam dragon scal |       |       |       |     6 |     4 ||    10
  Dodge: Dodged            |     1 |    26 |    82 |   160 |    58 ||   327

Table legend: (Time is in decaauts)
 A = Elapsed time spent in this place.
 B = Non-inter-level travel time spent in this place.
 C = Inter-level travel time spent in this place.
 D = Time resting spent in this place.
 E = Time spent auto-exploring this place.
 F = Levels seen in this place.
 G = Mean time per level.
                   A        B        C        D        E       F      G
               +--------+--------+--------+--------+--------+-----+--------+
         Total |  21433 |  20012 |   1421 |   2407 |  13249 |  23 |  931.9 |
       Dungeon |  14872 |  13848 |   1024 |   1460 |   9658 |  15 |  991.5 |
        Temple |     19 |     11 |      8 |      0 |      0 |   1 |   19.0 |
          Lair |   6221 |   5833 |    388 |    889 |   3471 |   5 | 1244.2 |
         Sewer |    276 |    276 |      0 |     58 |    118 |   1 |  276.0 |
       Volcano |     43 |     43 |      0 |      0 |      0 |   1 |   43.0 |
               +--------+--------+--------+--------+--------+-----+--------+

Top non-repeatable levels by time:
  Lair:3: 1437 daAuts
    D:14: 1391 daAuts
  Lair:1: 1373 daAuts
     D:4: 1371 daAuts
  Lair:5: 1360 daAuts
     D:7: 1349 daAuts
     D:6: 1339 daAuts
    D:10: 1265 daAuts
    D:11: 1251 daAuts
     D:2: 1200 daAuts
     D:8: 1097 daAuts
  Lair:2: 1053 daAuts
     D:5: 1002 daAuts
  Lair:4: 996 daAuts
    D:12: 891 daAuts
